 Dungeon Crawl Stone Soup version 0.25.1-2-g60ff931df9 (webtiles) character file.

Game seed: 14598998196073643356

51 Revguard the Firebug (level 3, -9/49 HPs)
             Began as an Ogre Fire Elementalist on Aug 12, 2020.
             Mangled by Crazy Yiuf
             ... wielding a +3 quarterstaff of chaos
              (11 damage)
             ... on level 2 of the Dungeon.
             The game lasted 00:06:52 (2347 turns).

Revguard the Firebug (Ogre Fire Elementalist)       Turns: 2347, Time: 00:06:52

Health: -9/49      AC:  3    Str: 12    XL:     3   Next: 83%
Magic:  0/7        EV: 10    Int: 17    God:
Gold:   109        SH:  0    Dex:  9    Spells: 3/7 levels left

rFire    . . .     SeeInvis .   d - +0 club
rCold    . . .     Gourm    .   (no shield)
rNeg     . . .     Faith    .   a - +0 robe
rPois    .         Spirit   .   (helmet restricted)
rElec    .         Reflect  .   (no cloak)
rCorr    .         Harm     .   (gloves unavailable)
MR       .....                  (boots unavailable)
Stlth    ..........             (no amulet)
HPRegen  0.16/turn              (no ring)
MPRegen  0.10/turn              (no ring)

@: berserking (expiring), very slightly contaminated, hasted, invisible, very
quick
A: large, unfitting armour, tough skin 1
a: no special abilities


You were on level 2 of the Dungeon.
You were not hungry.

You visited 1 branch of the dungeon, and saw 2 of its levels.

You collected 109 gold pieces.

Inventory:

Hand Weapons
 d - a +0 club (weapon)
Armour
 a - a +0 robe (worn)
Scrolls
 b - a scroll of magic mapping {unknown}
 e - a scroll of enchant weapon {unknown}
 f - 2 scrolls of identify {unknown}
 h - a scroll of fog {unknown}
Comestibles
 c - 2 rations
 j - a chunk of flesh


   Skills:
 + Level 1.5 Fighting
 + Level 0.5 Maces & Flails
 + Level 2.2 Dodging
 - Level 1.4 Stealth
 + Level 2.9 Spellcasting
 + Level 1.0 Conjurations
 + Level 3.2 Fire Magic


You had 3 spell levels left.
You knew the following spells:

 Your Spells              Type           Power        Failure   Level  Hunger
a - Foxfire               Conj/Fire      #...         8%          1    #......
b - Inner Flame           Hex/Fire       #.......     26%         3    ###....

Your spell library contained the following spells:

 Spells                   Type           Power        Failure   Level  Hunger
 Conjure Flame            Conj/Fire      #.......     22%         3    ###....
 Sticky Flame             Conj/Fire      #.......     58%         4    #####..
 Fireball                 Conj/Fire      #.........   90%         5    ######.


Dungeon Overview and Level Annotations

Branches:
Dungeon (2/15)

Altars:

Annotations:
D:2 Crazy Yiuf


Innate Abilities, Weirdness & Mutations

You are too large for most types of armour.
You have tough skin. (AC +1)


Message History

Crazy Yiuf misses you.
You hit Crazy Yiuf but do no damage.
Crazy Yiuf is almost dead.
You feel a little less agile now.
Crazy Yiuf hits you with a +3 quarterstaff of chaos!
* * * LOW HITPOINT WARNING * * *
Crazy Yiuf draws strength from your wounds!
Casting: Foxfire (safe; 8% risk of failure)
Confirm with . or Enter, or press ? or * to list all spells.
You miscast Foxfire.
Nothing appears to happen.
It was a potion of berserk rage.
A red film seems to cover your vision as you go berserk!
You feel yourself moving faster!
You feel mighty! Crazy Yiuf misses you.
You catch the helpless Crazy Yiuf completely off-guard!
You thump Crazy Yiuf!
Crazy Yiuf is severely wounded.
You closely miss Crazy Yiuf.
Crazy Yiuf is severely wounded.
Crazy Yiuf hits you with a +3 quarterstaff of chaos!
You die...

#####
#############...##
..<..............#
..........#####..##
#.###.....# #....#
#.# #.###.# ♣.g..♣
..# #.# #.# ♣♣.@.♣
... ..# #.# ♣♣.♣♣
..##### #.# ♣♣.♣
..# #.# ♣.♣♣ ..#
#.# ♣♣.♣ ..# #.#
♣.♣♣ ..#. ..# #'#
.... ... #### #...#


You could see Crazy Yiuf.

Vanquished Creatures
  An adder (D:2)
  An ooze (D:1)
  A worm (D:2)
  A dart slug (D:1)
  3 leopard geckos (D:1)
  A giant cockroach (D:2)
  5 goblins
  A hobgoblin (D:1)
  4 kobolds (D:1)
  A quokka (D:2)
  6 bats
  4 frilled lizards
  3 rats
32 creatures vanquished.

Vanquished Creatures (others)
  64 foxfires
64 creatures vanquished.

Grand Total: 96 creatures vanquished

Notes
Turn   | Place    | Note
-------+----------+-------------------------------------------
     0 | D:1      | Revguard the Ogre Fire Elementalist began the quest for the
                  | Orb.
     0 | D:1      | Reached XP level 1. HP: 16/16 MP: 3/3
   124 | D:1      | Reached skill level 1 in Fighting
   340 | D:1      | Reached XP level 2. HP: 20/27 MP: 3/5
   636 | D:1      | Reached skill level 3 in Fire Magic
   972 | D:1      | Reached XP level 3. HP: 33/33 MP: 4/7
  1454 | D:2      | Reached skill level 1 in Conjurations
  1466 | D:2      | Learned a level 3 spell: Inner Flame
  2295 | D:2      | Found a runed translucent door.
  2296 | D:2      | Noticed Crazy Yiuf
  2342 | D:2      | HP: 1/33 [Crazy Yiuf/+3 quarterstaff of chaos (10)]
  2347 | D:2      | Mangled by Crazy Yiuf

Illustrated notes

Levels and vault maps discovered:
D:1:      lemuel_arrival_muddy, layout_basic
D:2:      minmay_roachtagon, layout_loops_ring, kennysheep_generic_room_4,
          uniq_crazy_yiuf_cottage

Skill      XL: |  1  2  3 |
---------------+----------+-----
Fighting       | 1 |  1.5
Fire Magic     | 3 |  3.2
Dodging        | 2 |  2.2
Conjurations   | 1 |  1.0
Maces & Flails | |  0.5
Stealth        | |  1.4
Spellcasting   | |  2.9

Action                   || total
-------------------------++-------
Melee: Club              ||    86
       Unarmed           ||     3
 Cast: Foxfire           ||    44
  Use: Potion            ||     4
 Stab: Sleeping          ||     2
       Invisible         ||     1
  Eat: Chunk             ||     5
Armor: Robe              ||    42
       Skin              ||    20
Dodge: Dodged            ||    57
